 Dungeon Crawl Stone Soup version 0.30-a0-862-g1aabd4f9c5 (webtiles) character file.

Game seed: 14119511549565587299

2017 Maxmaps the Ducker (level 9, -2/74 HPs)
             Began as a Gnoll Monk on Mar 10, 2023.
             Slain by a cyclops (29 damage)
             ... on level 7 of the Dungeon.
             The game lasted 00:09:44 (6078 turns).

Maxmaps the Ducker (Gnoll Monk)                     Turns: 6078, Time: 00:09:44

Health: -2/74      AC:  8    Str: 14    XL:     9   Next: 23%
Magic:  15/15      EV: 15    Int: 15    God:
Gold:   280        SH:  0    Dex: 14    Spells: 16/16 levels left

rFire   . . .      SeeInvis .    o - +5 mace "Kumiut" {flame, rN+ Str+4}
rCold   . . .      Faith    .    (no shield)
rNeg    + . .      Spirit   .    B - +0 steam dragon scales
rPois   +          Reflect  .    n - +1 helmet
rElec   .          Rampage  .    (no cloak)
rCorr   .                        (no gloves)
Will    .....                    (no boots)
Stlth   +++                      (no amulet)
HPRegen 0.32/turn                l - ring of poison resistance
MPRegen 0.14/turn                (no ring)

@: no status effects
A: fangs 1, strong nose, distributed training
a: no special abilities


You were on level 7 of the Dungeon.
You visited 2 branches of the dungeon, and saw 8 of its levels.

You collected 335 gold pieces.
You spent 55 gold pieces at shops.

Inventory:

Hand Weapons
 a - a +0 falchion
 f - a +1 dagger of venom
 o - the +5 mace "Kumiut" (weapon) {flame, rN+ Str+4}
   (You found it on level 2 of the Dungeon)

   Str:       It affects your strength (+4).
   rN:        It protects you from negative energy.
Missiles
 e - 10 poisoned darts (quivered)
Armour
 b - a +0 robe
 n - a +1 helmet (worn)
 t - a +0 scale mail
 B - +0 steam dragon scales (worn)
Jewellery
 d - a ring of positive energy
 i - a ring of fire
 l - a ring of poison resistance (left hand)
Wands
 c - a wand of roots (20)
 m - a wand of mindburst (5)
 v - a wand of charming (4)
Scrolls
 k - 4 scrolls of blinking
 r - a scroll of teleportation
 u - 4 scrolls of enchant armour
 y - a scroll of identify
 A - a scroll of poison
 C - a scroll of magic mapping {unknown}
Potions
 g - 2 potions of flight
 h - 3 potions of magic {unknown}
 j - 2 potions of degeneration
 p - 3 potions of mutation
 q - a potion of curing
 s - a potion of berserk rage
 w - 3 potions of might {unknown}
 x - a potion of heal wounds {unknown}
 z - a potion of lignification


   Skills:
 + Level 7.8 Fighting
 + Level 4.2 Short Blades
 + Level 7.8 Long Blades
 + Level 4.2 Axes
 + Level 4.2 Maces & Flails
 + Level 4.2 Polearms
 + Level 4.2 Staves
 + Level 4.2 Ranged Weapons
 + Level 4.2 Throwing
 + Level 4.2 Armour
 + Level 7.8 Dodging
 + Level 6.0 Stealth
 + Level 4.2 Shields
 + Level 4.2 Unarmed Combat
 + Level 4.2 Spellcasting
 + Level 3.4 Conjurations
 + Level 3.4 Hexes
 + Level 3.4 Summonings
 + Level 3.4 Necromancy
 + Level 3.4 Translocations
 + Level 3.4 Transmutations
 + Level 3.4 Fire Magic
 + Level 3.4 Ice Magic
 + Level 3.4 Air Magic
 + Level 3.4 Earth Magic
 + Level 3.4 Poison Magic
 + Level 4.6 Invocations
 + Level 4.2 Evocations


You had 16 spell levels left.
You didn't know any spells.
Your spell library contained the following spells:

 Spells                   Type           Power      Damage    Failure   Level
 Sandblast                Erth           26%        2d8       4%          1
 Sting                    Tmut/Pois      52%        1d5       4%          1
 Cigotuvi's Dreadful Rot  Necr/Pois/Air  26%        N/A       6%          2
 Passwall                 Tmut/Erth      10%        N/A       6%          2
 Poisonous Vapours        Pois/Air       26%        N/A       6%          2
 Inner Flame              Hex/Fire       13%        N/A       13%         3
 Stone Arrow              Conj/Erth      26%        3d8       13%         3
 Cause Fear               Hex            6%         N/A       38%         4
 Dispel Undead            Necr           13%        3d9       38%         4
 Olgreb's Toxic Radiance  Pois           13%        N/A       38%         4
 Death Channel            Necr           6%         N/A       100%        6
 Discord                  Hex            6%         N/A       100%        8


Dungeon Overview and Level Annotations

Branches:
Dungeon (7/15)             Temple (1/1) D:5

Altars:
Ashenzari
Fedhas
Gozag
Hepliaklqana
Makhleb
Ru
Uskayaw
Vehumet
Zin
The Shining One

Shops:
D:4 !   D:6 *

Annotations:
D:6 2 transporters, logorrheac's ghost, novice OpVM


Innate Abilities, Weirdness & Mutations

You have very sharp teeth.
Your uncanny sense of smell can sniff out nearby items.
Your experience applies equally to all skills.


Message History

The cyclops hits you!
You hit the cyclops. You burn the cyclops. Your bite misses the cyclops.
The cyclops is moderately wounded.
The cyclops hits you!!
You are too injured to fight recklessly!
You are too injured to fight recklessly!
You sock the cyclops! You burn the cyclops.
The cyclops is heavily wounded.
The cyclops hits you!
You hit the cyclops. You burn the cyclops.
The cyclops is heavily wounded.
You hit the cyclops. You burn the cyclops.
The cyclops is severely wounded.
The cyclops closely misses you.
You hit the cyclops but do no damage. You bite the cyclops, but do no damage.
The cyclops is severely wounded.
The cyclops barely misses you.
You hit the cyclops. You burn the cyclops.
You punch the cyclops, but do no damage.
The cyclops is severely wounded.
The cyclops closely misses you.
You barely miss the cyclops.
The cyclops is severely wounded.
The cyclops hits you but does no damage.
You hit the cyclops. You burn the cyclops.
The cyclops is almost dead.
You hit the cyclops. You burn the cyclops.
The cyclops is almost dead.
The cyclops closely misses you.
You hit the cyclops but do no damage.
The cyclops is almost dead.
The cyclops barely misses you.
You barely miss the cyclops. You bite the cyclops, but do no damage.
The cyclops is almost dead.
The cyclops barely misses you.
You hit the cyclops. You burn the cyclops.
You bite the cyclops, but do no damage.
The cyclops is almost dead.
The cyclops hits you!!
You die...

.### #.# ... .. #..##.##
###..#... .......## ###
.. #......# #.. ...
#..8C8.#.# #.# ...
##..@_....# #.# #.#
#......#### #.# ##.#
#...####### #.###..##
#.........###.##.....
#####...#####.#....†..⌠..
..#.......# #.#.####.....
..........# #...# ##..##
#.......# #.### ##.#
#####...#####.# ##'#


You could see a cyclops.

Vanquished Creatures
  Grinder (D:6)
  2 steam dragons (D:7)
  An ice beast (D:6)
  2 sky beasts
  An ogre (D:6)
  A kobold brigand (D:3)
  6 scorpions
  A bullfrog (D:7)
  A crimson imp (D:6)
  2 bullfrog zombies (D:5)
  2 centaur zombies (D:5)
  An orc priest (D:4)
  2 hounds (D:6)
  Ijyb (D:5)
  A sleepcap (D:7)
  2 iguanas (D:3)
  4 orc wizards
  6 gnolls
  7 adders
  2 shadow imps (D:6)
  A worm (D:4)
  3 dart slugs
  15 orcs
  12 ball pythons
  4 bats
  5 endoplasms
  6 giant cockroaches
  7 goblins
  8 hobgoblins
  4 jackals (D:1)
  23 kobolds
  6 quokkas
  A frilled lizard (D:2)
  3 rats
144 creatures vanquished.

Vanquished Creatures (others)
  2 kobolds (D:4)
  80 plants (D:4)
82 creatures vanquished.

Grand Total: 226 creatures vanquished

Notes
Turn   | Place    | Note
-------+----------+-------------------------------------------
     0 | D:1      | Maxmaps the Gnoll Monk began the quest for the Orb.
     0 | D:1      | Reached XP level 1. HP: 23/23 MP: 1/1
    94 | D:1      | Reached XP level 2. HP: 26/29 MP: 2/2
   410 | D:1      | Reached XP level 3. HP: 35/35 MP: 3/3
   652 | D:1      | Reached skill level 1 in Invocations
   817 | D:2      | Identified the +5 mace "Kumiut" {flame, rN+ Str+4}
   989 | D:2      | Reached skill level 1 in Short Blades
   989 | D:2      | Reached skill level 1 in Axes
   989 | D:2      | Reached skill level 1 in Maces & Flails
   989 | D:2      | Reached skill level 1 in Polearms
   989 | D:2      | Reached skill level 1 in Staves
   989 | D:2      | Reached skill level 1 in Ranged Weapons
   989 | D:2      | Reached skill level 1 in Throwing
   989 | D:2      | Reached skill level 1 in Armour
   989 | D:2      | Reached skill level 1 in Shields
   989 | D:2      | Reached skill level 1 in Unarmed Combat
   989 | D:2      | Reached skill level 1 in Spellcasting
   989 | D:2      | Reached skill level 1 in Evocations
  1297 | D:2      | Reached XP level 4. HP: 41/41 MP: 5/5
  1467 | D:3      | Reached skill level 1 in Conjurations
  1467 | D:3      | Reached skill level 1 in Hexes
  1467 | D:3      | Reached skill level 1 in Summonings
  1467 | D:3      | Reached skill level 1 in Necromancy
  1467 | D:3      | Reached skill level 1 in Translocations
  1467 | D:3      | Reached skill level 1 in Transmutations
  1467 | D:3      | Reached skill level 1 in Fire Magic
  1467 | D:3      | Reached skill level 1 in Ice Magic
  1467 | D:3      | Reached skill level 1 in Air Magic
  1467 | D:3      | Reached skill level 1 in Earth Magic
  1467 | D:3      | Reached skill level 1 in Poison Magic
  1916 | D:4      | Noticed a scorpion
  1936 | D:3      | Reached XP level 5. HP: 39/47 MP: 7/7
  2146 | D:3      | Reached XP level 6. HP: 44/53 MP: 8/8
  2423 | D:4      | HP: 2/53 [gnoll/+0 halberd (8)]
  3203 | D:3      | Reached XP level 7. HP: 54/60 MP: 10/10
  3433 | D:4      | Found Amaolyt's Distillery.
  3436 | D:4      | Bought a potion of berserk rage for 55 gold pieces
  3833 | D:5      | Entered Level 5 of the Dungeon
  3847 | D:5      | Reached skill level 5 in Stealth
  3900 | D:5      | Noticed Ijyb
  3913 | D:5      | Killed Ijyb
  3946 | D:5      | Found a staircase to the Ecumenical Temple.
  3973 | Temple   | Entered the Ecumenical Temple
  4136 | D:5      | You fall into a shaft and drop 1 floor!
  4194 | D:6      | Noticed logorrheac's ghost (novice OpVM)
  4209 | D:6      | Reached XP level 8. HP: 58/67 MP: 12/12
  4543 | D:6      | Found a transporter.
  4576 | D:6      | Found a transporter.
  4699 | D:6      | Found a glowing silver altar of Zin.
  4763 | D:6      | Noticed Grinder
  4784 | D:6      | Paralysed by Grinder for 5 turns
  4792 | D:6      | Killed Grinder
  5157 | D:6      | Found Asyeczy's Gadget Gallery.
  5204 | D:6      | Found a radiant altar of Vehumet.
  5204 | D:6      | Found a burning altar of Makhleb.
  5403 | D:7      | Found a broken altar of Ashenzari.
  5510 | D:7      | Reached XP level 9. HP: 28/73 MP: 14/14
  6062 | D:7      | Found a burning altar of Makhleb.
  6062 | D:7      | Noticed a cyclops
  6078 | D:7      | Slain by a cyclops

Illustrated notes

Levels and vault maps discovered:
D:1:      reono_arrival_forest_river, layout_loops_cross
D:2:      minmay_inner_zag, layout_rooms
D:3:      layout_basic
D:4:      kennysheep_kobold_camp, layout_cave_pools, serial_shops,
          kennysheep_mini_moat
D:5:      layout_loops_cross, nicolae_yredelemnul_corpse_copse,
          temple_fountains, serial_shops, shop, uniq_ijyb
D:6:      layout_loops_ring, grunt_temple_overflow_lords_of_destruction,
          amcnicky_altar_gilded, gammafunk_ghost_hive,
          chequers_serial_rivers_micro_a, nicolae_shop_gadgets, uniq_grinder
D:7:      layout_loops_cross, ashenzari_conservatory_becter,
          hangedman_feature_mirror, minmay_tree_intersection,
          grunt_ministairs_15
Temple:   hellmonk_temple_micro_hex

Skill      XL: |  1  2  3  4  5  6  7  8  9 |
---------------+----------------------------+-----
Invocations    | 1 2 3 4 |  4.6
Short Blades   | 1 2 3 4 |  4.2
Axes           | 1 2 3 4 |  4.2
Maces & Flails | 1 2 3 4 |  4.2
Polearms       | 1 2 3 4 |  4.2
Staves         | 1 2 3 4 |  4.2
Ranged Weapons | 1 2 3 4 |  4.2
Throwing       | 1 2 3 4 |  4.2
Armour         | 1 2 3 4 |  4.2
Shields        | 1 2 3 4 |  4.2
Unarmed Combat | 1 2 3 4 |  4.2
Spellcasting   | 1 2 3 4 |  4.2
Evocations     | 1 2 3 4 |  4.2
Conjurations   | 1 2 3 |  3.4
Hexes          | 1 2 3 |  3.4
Summonings     | 1 2 3 |  3.4
Necromancy     | 1 2 3 |  3.4
Translocations | 1 2 3 |  3.4
Transmutations | 1 2 3 |  3.4
Fire Magic     | 1 2 3 |  3.4
Ice Magic      | 1 2 3 |  3.4
Air Magic      | 1 2 3 |  3.4
Earth Magic    | 1 2 3 |  3.4
Poison Magic   | 1 2 3 |  3.4
Fighting       | 7 |  7.8
Long Blades    | 7 |  7.8
Dodging        | 7 |  7.8
Stealth        | 5 6 |  6.0

Action                     |  1- 3 |  4- 6 |  7- 9 || total
---------------------------+-------+-------+-------++-------
  Melee: Falchion          |    77 |       |       ||    77
         Bite              |     8 |    11 |    27 ||    46
         Punch             |     3 |     3 |    10 ||    16
         Mace              |    16 |   115 |   248 ||   379
    Use: Potion            |       |     3 |     1 ||     4
         Scroll            |       |     9 |     2 ||    11
   Stab: Sleeping          |     9 |     6 |     1 ||    16
 Armour: Robe              |    11 |    32 |     5 ||    48
         Skin              |       |     6 |    20 ||    26
         Scale mail        |       |       |    90 ||    90
         Steam dragon scal |       |       |    25 ||    25
  Dodge: Dodged            |    63 |   145 |   165 ||   373

Table legend: (Time is in decaauts)
 A = Elapsed time spent in this place.
 B = Non-inter-level travel time spent in this place.
 C = Inter-level travel time spent in this place.
 D = Time resting spent in this place.
 E = Time spent auto-exploring this place.
 F = Levels seen in this place.
 G = Mean time per level.
                   A        B        C        D        E       F      G
               +--------+--------+--------+--------+--------+-----+--------+
         Total |   6190 |   6032 |    158 |   1496 |   3143 |   8 |  773.8 |
       Dungeon |   6114 |   5956 |    158 |   1422 |   3143 |   7 |  873.4 |
        Temple |     75 |     75 |      0 |     74 |      0 |   1 |   75.0 |
               +--------+--------+--------+--------+--------+-----+--------+

Top non-repeatable levels by time:
     D:6: 1560 daAuts
     D:3: 1351 daAuts
     D:4: 1172 daAuts
     D:1: 737 daAuts
     D:2: 634 daAuts
     D:7: 423 daAuts
     D:5: 235 daAuts
  Temple: 75 daAuts
